 Dungeon Crawl Stone Soup version 0.18-a0-46-g45ca8e4 (webtiles) character file.

39409 jalm the Bludgeoner (level 13, 0/116 HPs)
             Began as a Minotaur Fighter on Nov 6, 2015.
             Was an Elder of the Shining One.
             Slain by a blink frog (10 damage)
             ... on level 8 of the Lair of Beasts.
             The game lasted 01:07:56 (17290 turns).

jalm the Bludgeoner (Minotaur Fighter)             Turns: 17290, Time: 01:07:56

Health: 0/116      AC: 35    Str: 25    XL:     13   Next: 69%
Magic:  16/18      EV: 12    Int:  5    God:    the Shining One [****..]
Gold:   4847       SH: 13    Dex: 14    Spells: 0 memorised, 12 levels left

rFire  . . .     SeeInvis .     V - +0 morningstar
rCold  + . .     Clarity  .     B - +9 plate armour of Xarat {Str+3}
rNeg   + + +     SustAt   .     v - +0 buckler
rPois  +         Gourm    .     K - +2 hat
rElec  +         Spirit   .     b - +1 cloak
rCorr  +         Warding  .     t - +2 pair of gloves
rMut   .         Stasis   .     Z - +2 pair of boots "Ymmaac" {rElec rN+}
MR     .....                    M - amulet of resist corrosion
Stlth  ..........               r - ring of protection from cold
                                T - ring of poison resistance

@: divine shield, glowing, not resistant to hostile enchantments, extremely
unstealthy
A: retaliatory headbutt, horns 2
a: Divine Shield, Cleansing Flame, Renounce Religion


You were on level 8 of the Lair of Beasts.
You worshipped the Shining One.
The Shining One was greatly pleased with you.
You were hungry.

You visited 2 branches of the dungeon, and saw 19 of its levels.
You also visited: Labyrinth and Volcano.

You collected 5239 gold pieces.
You spent 392 gold pieces at shops.

Inventory:

Hand Weapons
 V - a +0 morningstar (weapon)
Missiles
 Y - 13 tomahawks (quivered)
Armour
 b - a +1 cloak (worn)
 p - the +5 chain mail "Zogipuh" {rElec rF++ rC- MP+9}
   (You found it on level 1 of the Lair of Beasts)

   It greatly protects you from fire.
   It makes you vulnerable to cold.
   It insulates you from electricity.
   It affects your magic capacity (+9).
 t - a +2 pair of gloves (worn)
 v - a +0 buckler (worn)
 B - the +9 plate armour of Xarat (worn) {Str+3}
   (You found it in a labyrinth)

   It affects your strength (+3).
 K - a +2 hat (worn)
 Z - the +2 pair of boots "Ymmaac" (worn) {rElec rN+}
   (You bought it in a shop on level 11 of the Dungeon)

   It insulates you from electricity.
   It protects you from negative energy.
Jewellery
 c - an uncursed ring of teleportation
 r - a ring of protection from cold (right hand)
 A - an uncursed ring of fire
 M - an amulet of resist corrosion (around neck)
 T - a ring of poison resistance (left hand)
 W - an uncursed ring of flight
Wands
 y - a wand of hasting (4)
 E - a wand of lightning (11)
 F - a wand of magic darts (22)
 J - a wand of fire (15)
 N - a wand of polymorph (8)
 U - a wand of confusion (23)
Scrolls
 h - 8 scrolls of remove curse
 s - 2 scrolls of teleportation {unknown}
 u - 3 scrolls of fog
 C - 2 scrolls of magic mapping {unknown}
 G - a scroll of vulnerability {unknown}
 L - a scroll of summoning {unknown}
 Q - 4 scrolls of recharging
Potions
 a - 4 potions of haste
 d - 4 potions of might
 f - 2 potions of berserk rage
 g - 6 potions of curing
 i - 3 potions of resistance
 m - 2 potions of lignification
 o - 3 potions of brilliance
 w - a potion of cure mutation {unknown}
 x - 2 potions of agility
 D - 4 potions of flight
 H - 2 potions of heal wounds
 I - a potion of cancellation {unknown}
 O - a potion of invisibility {unknown}
 P - 2 potions of beneficial mutation {unknown}
 R - a potion of ambrosia {unknown}
Comestibles
 e - 17 bread rations
 j - 49 fruits
 k - 3 slices of pizza
 l - 11 meat rations
 n - 4 beef jerkies
 z - 3 royal jellies


   Skills:
 + Level 11.2 Fighting
 + Level 16.0 Maces & Flails
 - Level 8.1 Throwing
 + Level 11.3 Armour
 + Level 9.7 Dodging
 - Level 3.6 Shields
 + Level 8.6 Invocations


You had 12 spell levels left.
You didn't know any spells.

Dungeon Overview and Level Annotations

Branches:
Dungeon (11/15)            Temple (0/1) D:7            Lair (8/8) D:11
 Shoals (0/4) Lair:4        Snake (0/4) Lair:4        Slime (0/6) Lair:6
    Orc (0/4) D:11

Altars:
Cheibriados
Fedhas
Gozag
Nemelex Xobeh
Qazlal
Ru
Vehumet
Zin
The Shining One

Shops:
D:6 (   D:8 =   D:11 [


Innate Abilities, Weirdness & Mutations

You reflexively headbutt those who attack you in melee.
You have a pair of horns on your head.


Message History

The blink frog hits you.
* * * LOW HITPOINT WARNING * * *
The blink frog momentarily phases out as your attack passes through it.
The blink frog is moderately wounded.
You feel sick. You block the blink frog's attack. The blink frog hits you.
* * * LOW HITPOINT WARNING * * *
Drink which item? (? for menu, Esc to quit)
You feel better.
The blink frog hits you but does no damage.
You block the blink frog's attack.
You thump the giant frog! Your headbutt misses the giant frog.
The giant frog is heavily wounded.
The blink frog hits you but does no damage. x2
The giant frog barely misses you.
You impale the giant frog!!
You kill the giant frog!
The blink frog hits you.
* * * LOW HITPOINT WARNING * * *
The blink frog hits you!
You die...

####.. ......
#(.....
##.P..... #
##...P....
#.##.........
###...#.†......
#......@F......
......†F†...≈..
#.......≈......
#P.....≈....≈≈≈
.P(..≈..≈.≈≈≈≈.
.!...≈..≈≈≈≈≈≈≈
.......≈≈≈≈≈≈≈P
##..≈.≈.≈≈y≈P≈≈
#.....≈≈P≈≈≈≈≈


You could see 2 blink frogs and a vampire mosquito (wandering).

Vanquished Creatures
  Maud (Lair:7)
  The ghost of TwistedFlax the Fighter, a journeyman MiBe of Trog (Lair:4)
  A minotaur (Lab)
  The ghost of Ackron the Cleaver, a journeyman CeGl of the Shining One (D:11)
  A hydra (Lair:6)
  A queen ant (Lair:1)
  The ghost of jejorda2 the Carver, a journeyman HaFi of the Shining One (D:10)
  Urug (D:10)
  Pikel (D:7)
  A hill giant (D:10)
  A griffon (Lair:2)
  A manticore (D:11)
  2 lindwurms
  5 black mambas
  Maurice (D:11)
  An elephant (D:11)
  A siren (Lair:4)
  4 komodo dragons
  2 trolls (D:10)
  19 spiny frogs
  2 polar bears
  9 blink frogs
  A shadow (D:10)
  Sigmund (D:4)
  2 wyverns
  A spriggan (D:7)
  11 yaks
  A steam dragon (Lair:3)
  A vampire mosquito (Lair:7)
  A wraith (D:10)
  11 fire bats (Volcano)
  A fire elemental (Lair:3)
  2 basilisks
  9 hippogriffs
  10 wolves (Lair:4)
  4 nagas (Lair:4)
  5 soldier ants (Lair:1)
  12 water moccasins
  A hungry ghost (D:11)
  A slave (D:7)
  4 orc warriors
  3 sky beasts
  A black bear (D:9)
  A phantom (D:4)
  16 porcupines
  9 ogres
  10 ice beasts
  4 centaurs
  10 crocodiles
  19 giant frogs
  A big kobold (D:7)
  9 killer bees
  An electric eel (D:10)
  3 scorpions
  3 wights (D:10)
  9 lava snakes (Volcano)
  A quasit (D:11)
  A centaur zombie (D:6)
  2 giant frog zombies
  3 hounds
  4 orc priests
  2 crimson imps
  4 iguanas
  A gnoll shaman (D:6)
  4 jellies
  10 orc wizards
  Natasha (thrice) (D:2)
  10 sheep
  6 hell rats (Lair:5)
  13 worker ants
  2 hound skeletons
  A worker ant zombie (D:8)
  52 river rats
  12 adders
  5 gnolls (D:6)
  A shadow imp (D:11)
  5 oozes
  A worm (D:2)
  An adder skeleton (D:9)
  3 giant geckos
  36 orcs
  2 ball pythons
  7 giant cockroaches
  9 hobgoblins
  7 jackals
  8 bats
  A giant cockroach zombie (D:5)
  A giant gecko skeleton (D:8)
  4 giant newts
  5 goblins
  12 kobolds
  3 quokkas
  A quokka zombie (D:5)
  8 rats
487 creatures vanquished.

Vanquished Creatures (others)
  A kobold (D:7)
  2 fungi
  2 plants
5 creatures vanquished.

Grand Total: 492 creatures vanquished

Notes
Turn   | Place    | Note
--------------------------------------------------------------
     0 | D:1      | jalm the Minotaur Fighter began the quest for the Orb.
     0 | D:1      | Reached XP level 1. HP: 19/19 MP: 0/0
   119 | D:1      | Reached XP level 2. HP: 24/26 MP: 1/1
   391 | D:1      | Reached skill level 4 in Maces & Flails
   469 | D:2      | Reached XP level 3. HP: 31/31 MP: 2/2
   498 | D:2      | Noticed Natasha
   509 | D:2      | Killed Natasha
   509 | D:2      | Reached skill level 5 in Maces & Flails
   737 | D:2      | Found a sacrificial altar of Ru.
   801 | D:2      | Reached XP level 4. HP: 32/39 MP: 3/3
   982 | D:2      | Noticed Natasha
   989 | D:2      | Killed Natasha
  1237 | D:2      | Noticed Natasha
  1243 | D:2      | Killed Natasha
  1454 | D:3      | Reached skill level 6 in Maces & Flails
  1618 | D:3      | Reached XP level 5. HP: 45/45 MP: 4/4
  1779 | D:3      | Found a glowing golden altar of the Shining One.
  1900 | D:3      | Became a worshipper of the Shining One
  2111 | D:3      | Found a snail-covered altar of Cheibriados.
  2212 | D:4      | Noticed an ogre
  2240 | D:4      | Found an opulent altar of Gozag.
  2277 | D:4      | Noticed a phantom
  2295 | D:4      | Killed a phantom
  2295 | D:4      | Reached skill level 7 in Maces & Flails
  2492 | D:4      | Reached XP level 6. HP: 44/51 MP: 5/5
  2513 | D:4      | Reached skill level 8 in Maces & Flails
  2594 | D:4      | Noticed Sigmund
  2873 | D:5      | Entered Level 5 of the Dungeon
  3296 | D:4      | Reached skill level 9 in Maces & Flails
  3296 | D:4      | Reached XP level 7. HP: 19/57 MP: 6/6
  3643 | D:5      | Found a sparkling altar of Nemelex Xobeh.
  3663 | D:5      | Reached skill level 10 in Maces & Flails
  3698 | D:5      | Found a stormy altar of Qazlal.
  4029 | D:6      | Reached * piety under the Shining One
  4127 | D:6      | Reached skill level 11 in Maces & Flails
  4140 | D:6      | Reached XP level 8. HP: 50/64 MP: 7/7
  4189 | D:4      | Killed Sigmund
  4610 | D:6      | Reached skill level 12 in Maces & Flails
  4768 | D:6      | Found Suifol's Weapon Shoppe.
  4896 | D:6      | Reached skill level 1 in Dodging
  5352 | D:7      | Reached skill level 1 in Throwing
  5352 | D:7      | Reached skill level 1 in Invocations
  5385 | D:7      | Noticed Pikel
  5407 | D:7      | Killed Pikel
  5407 | D:7      | Reached skill level 5 in Fighting
  5407 | D:7      | Reached skill level 5 in Armour
  5407 | D:7      | Reached XP level 9. HP: 29/74 MP: 7/9
  5708 | D:7      | Found a staircase to the Ecumenical Temple.
  6154 | D:8      | Found Judofa's Jewellery Shoppe.
  6199 | D:8      | Found a blossoming altar of Fedhas.
  6712 | D:9      | Reached skill level 13 in Maces & Flails
  7144 | D:9      | Found a radiant altar of Vehumet.
  7181 | D:9      | Reached ** piety under the Shining One
  7363 | D:9      | Found a glowing silver altar of Zin.
  7764 | D:9      | Reached XP level 10. HP: 69/83 MP: 11/11
  8038 | D:10     | Entered Level 10 of the Dungeon
  8038 | D:10     | Noticed jejorda2's ghost (journeyman HaFi)
  8187 | D:10     | Found a glowing golden altar of the Shining One.
  8235 | D:10     | Noticed Urug
  8515 | D:10     | Noticed a hill giant
  8527 | D:10     | Killed a hill giant
  8897 | D:10     | Killed jejorda2's ghost
  8897 | D:10     | Reached skill level 14 in Maces & Flails
  8897 | D:10     | Reached skill level 5 in Dodging
  9591 | D:10     | Reached XP level 11. HP: 92/92 MP: 13/13
  9618 | D:10     | Killed Urug
  9840 | D:11     | Noticed Maurice
  9856 | D:11     | Killed Maurice
  9902 | D:11     | Found a staircase to the Lair.
  9924 | D:11     | Reached skill level 5 in Invocations
  9929 | D:11     | Reached skill level 5 in Throwing
  9966 | D:11     | Found a staircase to the Orcish Mines.
  9967 | D:11     | Noticed Ackron's ghost (journeyman CeGl)
  9992 | D:11     | Killed Ackron's ghost
 10284 | D:11     | Found Cuxelej's Armour Boutique.
 10293 | D:11     | Bought the +2 pair of boots "Ymmaac" {rElec rN+} for 392 gold pieces
 10785 | Lair:1   | Entered Level 1 of the Lair of Beasts
 10875 | Lair:1   | Reached *** piety under the Shining One
 11038 | Lair:1   | Got a blackened chain mail
 11049 | Lair:1   | Identified the +5 chain mail "Zogipuh" {rElec rF++ rC- MP+9} (You found it on level 1 of the Lair of Beasts)
 11364 | Lair:1   | Noticed a queen ant
 11401 | Lair:1   | Killed a queen ant
 11563 | Lair:1   | Reached XP level 12. HP: 79/103 MP: 15/15
 11656 | Lair:2   | Reached skill level 15 in Maces & Flails
 12289 | Lair:2   | Found a dark tunnel.
 12298 | Volcano  | Entered a volcano
 12508 | Volcano  | Found a radiant altar of Vehumet.
 13247 | Lair:3   | Reached skill level 10 in Armour
 13295 | Lair:3   | Reached skill level 10 in Fighting
 13640 | Lair:4   | Noticed TwistedFlax's ghost (journeyman MiBe)
 13693 | Lair:4   | Killed TwistedFlax's ghost
 13773 | Lair:4   | Found a staircase to the Snake Pit.
 13895 | Lair:4   | Found a labyrinth entrance.
 13925 | Lab      | Entered a labyrinth
 14165 | Lab      | Noticed a minotaur
 14177 | Lab      | Killed a minotaur
 14186 | Lab      | Got a dazzling plate armour
 14197 | Lab      | Identified the +9 plate armour of Xarat {Str+3} (You found it in a labyrinth)
 14210 | Lab      | Identified a scroll of acquirement
 14276 | Lair:4   | Reached XP level 13. HP: 113/113 MP: 17/17
 14448 | Lair:4   | Found a frozen archway.
 15058 | Lair:4   | Found a staircase to the Shoals.
 16302 | Lair:6   | Found a staircase to the Slime Pits.
 16985 | Lair:7   | Noticed Maud
 17004 | Lair:7   | Killed Maud
 17202 | Lair:8   | Entered Level 8 of the Lair of Beasts
 17202 | Lair:8   | Reached **** piety under the Shining One
 17253 | Lair:8   | Reached skill level 16 in Maces & Flails
 17287 | Lair:8   | HP: 4/116 [blink frog (6)]
 17290 | Lair:8   | Slain by a blink frog

Vault maps used:
D:1:      evilmike_arrival_fibonacci_small
D:2:      first_bread, nicolae_ru_the_path_less_chosen, uniq_natasha
D:3:      marbit_many_paths, tso_metal_star, serial_glass, glass_columns_b,
          glass_columns_b, glass_columns_b, glass_columns_a, glass_columns_b,
          glass_columns_a, glass_columns_a, glass_columns_c, glass_columns_c,
          glass_columns_a, glass_columns_b, glass_columns_a, glass_columns_b,
          glass_columns_b
D:4:      grunt_gozag_statues, kennysheep_windowed_goal, uniq_sigmund
D:5:      kennysheep_little_box, basic_altar, guppyfry_early_orc_mine
D:6:      serial_shops, nicolae_shop_trees
D:7:      minmay_temple_entry_enclosed_plants, the_bakery, uniq_pikel
D:8:      old_standard_altar, serial_shops, kennysheep_mini, patterned_corridor
D:9:      boulder_corridor_run, lemuel_round_altar, vehumet_altar_wand_db
D:10:     basic_altar, nrook_pool_corridor, uniq_urug
D:11:     david_lair_generic, david_orc_3, serial_shops, shop, uniq_maurice
Lair:1:   wad_woods_antlair, infiniplex_staircase_pool
Lair:2:   nicolae_volcano_entry_vermiform, minivault_11, grunt_megastairs_2
Lair:3:   grunt_forest_large_clearings
Lair:4:   minmay_shoals_entry_lonely_mermaid,
          minmay_snake_entry_guardpost_medium, portal_ice_cave_entry_ice_beasts,
          lab_entry_generic
Lair:5:   serial_bayou_shore_b, serial_bayou_shore_b
Lair:6:   nicolae_slime_entry_slimehenge
Lair:7:   uniq_maud
Lair:8:   minmay_lair_end_frog_pond
Lab:      nicolae_lab_stuck, nicolae_lab_do_over, nicolae_lab_garden
Volcano:  volcano_grotto

Action                   |  1- 3 |  4- 6 |  7- 9 | 10-12 | 13-15 || total
-------------------------+-------+-------+-------+-------+-------++-------
Melee: Flail             |    54 |   104 |       |       |       ||   158
       Mace              |       |    66 |   259 |       |       ||   325
       Morningstar       |       |       |     9 |   684 |   339 ||  1032
Throw: Tomahawk          |       |     5 |    77 |    63 |     8 ||   153
       Throwing net      |       |     2 |     1 |       |       ||     3
       Javelin           |       |       |       |    70 |     5 ||    75
Invok: Divine Shield     |       |       |       |     7 |     3 ||    10
Evoke: Wand              |       |       |       |     1 |       ||     1
  Use: Scroll            |       |     6 |       |    15 |     4 ||    25
       Potion            |       |     1 |     1 |       |     3 ||     5
  Eat: Chunk             |       |     7 |    15 |    14 |    10 ||    46
       Pizza             |       |       |       |     1 |       ||     1
       Bread ration      |       |       |       |     1 |       ||     1
       Fruit             |       |       |       |     1 |       ||     1
